 Dungeon Crawl Stone Soup version 0.27.1-1-g398f81649c (webtiles) character file.

Game seed: 16415552626832790562

204 speeev33 the Skirmisher (level 5, -2/47 HPs)
             Began as a Hill Orc Fighter on Sept 12, 2021.
             Killed by divine providence
             ... invoked by an orc priest
              (13 damage)
             ... on level 3 of the Dungeon.
             The game lasted 00:03:20 (2639 turns).

speeev33 the Skirmisher (Hill Orc Fighter)          Turns: 2639, Time: 00:03:21

Health: -2/47      AC:  9    Str: 20    XL:     5   Next: 82%
Magic:  5/5        EV:  7    Int:  8    God:
Gold:   81         SH: 10    Dex: 10    Spells: 4/4 levels left

rFire    . . .     SeeInvis .   a - +1 war axe
rCold    . . .     Faith    .   c - +1 kite shield
rNeg     . . .     Spirit   .   b - +0 scale mail
rPois    .         Reflect  .   (no helmet)
rElec    .         Harm     .   n - +0 cloak
rCorr    .         Rampage  .   (no gloves)
Will     .....                  e - +0 pair of boots
Stlth    ..........             (no amulet)
HPRegen  0.15/turn              (no ring)
MPRegen  0.09/turn              (no ring)

@: no status effects
A: no striking features
a: Convert to Beogh


You were on level 3 of the Dungeon.
You visited 1 branch of the dungeon, and saw 3 of its levels.

You collected 81 gold pieces.

Inventory:

Hand Weapons
 a - a +1 war axe (weapon)
Armour
 b - a +0 scale mail (worn)
 c - a +1 kite shield (worn)
 e - a +0 pair of boots (worn)
 n - a +0 cloak (worn)
Jewellery
 h - a +6 ring of dexterity
Scrolls
 m - a scroll of identify {unknown}
 o - a scroll of enchant armour
Potions
 d - 2 potions of might
 f - a potion of haste {unknown}
 g - 3 potions of resistance
 i - a potion of magic {unknown}
 j - 2 potions of attraction {unknown}
 k - 3 potions of cancellation {unknown}
 l - a potion of curing


   Skills:
 + Level 4.8 Fighting
 + Level 4.5 Axes
 + Level 4.4 Armour
 + Level 4.4 Shields


You had 4 spell levels left.
You didn't know any spells.
Your spell library was empty.

Dungeon Overview and Level Annotations

Branches:
Dungeon (3/15)

Altars:

Shops:
D:1 [   D:2 ?


Message History

The orc priest hits you from afar with a +0 trident!
You block the adder's attack.
The orc priest hits you but does no damage.
The orc priest threatens, "By the altar or by the axe, you will meet Beogh!"
You slash the adder!
You kill the adder!
You feel sick.
You are no longer poisoned.
The orc priest hits you but does no damage.
The orc priest looks braver for a moment.
You see here an adder corpse.
You barely miss the orc priest.
The orc priest shouts, "Join the one true god or die!"
The orc priest invokes the aid of Beogh against you.
Beogh smites you!
The orc priest hits you with a +0 trident!
You hear an angry hiss.
You barely miss the orc priest.
You hear a shout!
The orc priest invokes the aid of Beogh against you.
You barely resist.
You hit the orc priest but do no damage.
The orc priest hits you but does no damage.
You block the orc priest's attack.
You closely miss the orc priest.
The orc priest begins to cast a cantrip, but forgets the words!
An adder comes into view.
You hit the orc priest.
The orc priest is lightly wounded.
You block the orc priest's attack. x2
You barely miss the orc priest.
The orc priest is lightly wounded.
The orc priest hits you with a +0 trident.
You slash the orc priest!
The orc priest is almost dead.
The orc priest hits you with a +0 trident.
* * * LOW HITPOINT WARNING * * *
The orc priest calls down the wrath of Beogh upon you.
Beogh smites you!
You die...

.....
..... ...
... #.#
#.# #S#
#.####o##
#....@<.#
######..#
#...[.
##.####
#.# #.#
#.# #.#


You could see an orc priest and an adder.

Vanquished Creatures
  Crazy Yiuf (D:2)
  Natasha (thrice) (D:2)
  6 adders
  A dart slug (D:1)
  5 ball pythons (D:1)
  3 endoplasms (D:1)
  A giant cockroach (D:1)
  4 goblins
  3 hobgoblins
  6 jackals (D:2)
  A quokka (D:1)
  5 bats
  2 frilled lizards (D:2)
  8 kobolds
  A rat (D:2)
50 creatures vanquished.

Notes
Turn   | Place    | Note
-------+----------+-------------------------------------------
     0 | D:1      | speeev33 the Hill Orc Fighter began the quest for the Orb.
     0 | D:1      | Reached XP level 1. HP: 19/19 MP: 1/1
   142 | D:1      | Reached XP level 2. HP: 26/27 MP: 2/2
   165 | D:1      | Found a faded altar of an unknown god.
   762 | D:1      | Reached XP level 3. HP: 31/33 MP: 3/3
   850 | D:1      | Found Ceapafeq's Armour Boutique.
  1351 | D:2      | Noticed Natasha
  1354 | D:2      | Killed Natasha
  1355 | D:2      | Reached XP level 4. HP: 40/40 MP: 4/4
  1366 | D:2      | Noticed Natasha
  1385 | D:2      | Killed Natasha
  1467 | D:2      | HP: 2/41 [poisoned by an adder]
  1987 | D:2      | Noticed Natasha
  1996 | D:2      | Killed Natasha
  1997 | D:2      | Reached XP level 5. HP: 30/47 MP: 5/5
  2269 | D:2      | Found a runed translucent door.
  2270 | D:2      | Noticed Crazy Yiuf
  2276 | D:2      | Killed Crazy Yiuf
  2445 | D:2      | Found Unopuoh's Magic Scroll Shop.
  2639 | D:3      | Killed from afar by an orc priest

Illustrated notes

Levels and vault maps discovered:
D:1:      heliophobic_arrival_glass_houses, layout_loops_corners, serial_shops,
          shop, hellmonk_ecumenical_altar_blasted
D:2:      layout_loops_corners, serial_shops, shop, hangedman_feature_mirror,
          uniq_natasha, uniq_crazy_yiuf_cottage
D:3:      layout_loops_ring, fedhas_altar_3

Skill      XL: |  1  2  3  4 |
---------------+-------------+-----
Axes           | 3 4 |  4.5
Fighting       | 4 |  4.8
Armour         | 4 |  4.4
Shields        | 4 |  4.4

Action                   |  1- 3 |  4- 6 || total
-------------------------+-------+-------++-------
Melee: War axe           |    59 |    91 ||   150
  Use: Scroll            |     4 |     1 ||     5
Armor: Scale mail        |    26 |    44 ||    70
Dodge: Dodged            |    24 |    32 ||    56
Block: Kite shield       |    42 |    60 ||   102
